 Dungeon Crawl Stone Soup version 0.29-a0-289-g2178c42546 (webtiles) character file.

Game seed: 6932331018846732432

6282 kae the Severer (level 10, -6/94 HPs)
             Began as a Hill Orc Fighter on Mar 17, 2022.
             Was a Believer of Makhleb.
             Mangled by a boulder beetle (18 damage)
             ... on level 9 of the Dungeon.
             The game lasted 00:05:49 (10795 turns).

kae the Severer (Hill Orc Fighter)                 Turns: 10795, Time: 00:05:50

Health: -6/94      AC: 12    Str: 24    XL:     10   Next: 94%
Magic:  16/16      EV:  9    Int:  8    God:    Makhleb [**....]
Gold:   306        SH:  4    Dex: 10    Spells: 9/9 levels left

rFire   . . .      SeeInvis .   a - +1 war axe
rCold   . . .      Faith    .   c - +0 buckler
rNeg    . . .      Spirit   .   b - +0 scale mail
rPois   .          Reflect  .   (no helmet)
rElec   .          Harm     .   p - +2 cloak
rCorr   .          Rampage  .   j - +1 pair of gloves
Will    .....                   (no boots)
Stlth   ..........              f - amulet of the acrobat
HPRegen 0.25/turn               (no ring)
MPRegen 0.15/turn               (no ring)

@: no status effects
A: no striking features
a: Renounce Religion, Minor Destruction


You were on level 9 of the Dungeon.
You worshipped Makhleb.
Makhleb was pleased with you.
You visited 2 branches of the dungeon, and saw 10 of its levels.

You collected 378 gold pieces.
You spent 72 gold pieces at shops.

Inventory:

Hand Weapons
 a - a +1 war axe (weapon)
 k - a +0 battleaxe
Armour
 b - a +0 scale mail (worn)
 c - a +0 buckler (worn)
 j - a +1 pair of gloves (worn)
 p - a +2 cloak (worn)
Jewellery
 f - an amulet of the acrobat (around neck)
Wands
 g - a wand of acid (5)
 o - a wand of iceblast (15)
 q - a wand of flame (22)
 A - a wand of charming (10)
Scrolls
 r - 2 scrolls of enchant armour
 s - a scroll of fear
 t - 2 scrolls of magic mapping
 v - 4 scrolls of fog
 w - a scroll of amnesia
 x - 2 scrolls of teleportation
 y - 3 scrolls of identify
 z - 2 scrolls of blinking
 C - a scroll of summoning
Potions
 d - 3 potions of might
 e - 2 potions of heal wounds
 h - a potion of attraction
 i - a potion of cancellation
 l - 3 potions of curing
 m - 2 potions of mutation
 n - a potion of brilliance
 u - 2 potions of berserk rage
 B - a potion of flight


   Skills:
 + Level 10.8 Fighting
 * Level 15.6 Axes
 - Level 3.2 Armour
 - Level 3.2 Shields
 + Level 8.6 Invocations


You had 9 spell levels left.
You didn't know any spells.
Your spell library contained the following spells:

 Spells                   Type           Power      Damage    Failure   Level
 Apportation              Tloc           0%         N/A       80%         1
 Blink                    Tloc           0%         N/A       91%         2
 Ensorcelled Hibernation  Hex/Ice        0%         N/A       91%         2
 Passwall                 Tmut/Erth      0%         N/A       91%         2
 Swiftness                Air            0%         N/A       99%         3
 Alistair's Intoxication  Tmut/Pois      0%         N/A       100%        5
 Manifold Assault         Tloc           0%         N/A       100%        5
 Storm Form               Tmut/Air       0%         N/A       100%        7


Dungeon Overview and Level Annotations

Branches:
Dungeon (9/15)             Temple (1/1) D:5
   Lair: D:8-11         Orc: D:9-12

Altars:
Ashenzari
Cheibriados
Dithmenos
Elyvilon
Fedhas
Gozag
Hepliaklqana
Kikubaaqudgha
Makhleb
Nemelex Xobeh
Okawaru
Qazlal
Ru
Sif Muna
Trog
Uskayaw
Vehumet
Wu Jian
Xom
Zin
The Shining One
Beogh

Shops:
D:2 *


Message History

The boulder beetle is moderately wounded.
You hit the boulder beetle but do no damage.
The boulder beetle is moderately wounded.
The boulder beetle bites you!
You hit the boulder beetle.
The boulder beetle is moderately wounded.
You block the boulder beetle's attack.
You hit the boulder beetle but do no damage.
The boulder beetle is moderately wounded.
The boulder beetle waves its antennae.
You block the boulder beetle's attack.
You hit the boulder beetle.
The boulder beetle is moderately wounded.
The boulder beetle bites you. The boulder beetle bites you!
There is a stone staircase leading up, spattered with blood here.
You hit the boulder beetle.
The boulder beetle is moderately wounded.
You hit the boulder beetle but do no damage.
The boulder beetle is moderately wounded.
The boulder beetle barely misses you.
You slash the boulder beetle!
The boulder beetle is heavily wounded.
You block the boulder beetle's attack.
You slash the boulder beetle!
The boulder beetle is severely wounded.
The boulder beetle bites you.
You hit the boulder beetle.
The boulder beetle is severely wounded.
You hit the boulder beetle but do no damage.
The boulder beetle is severely wounded.
You block the boulder beetle's attack.
You hit the boulder beetle but do no damage.
The boulder beetle is severely wounded.
The boulder beetle bites you!!
* * * LOW HITPOINT WARNING * * *
You hit the boulder beetle but do no damage.
The boulder beetle is severely wounded.
The boulder beetle bites you!!
You die...

..................##.#.#.#.#....#
.....###.# #......##.#...#.#.##.#
#'#.B.B..###......+....#...#.##.#
#.#####...........##.#.#...#.....
#.# ####.##.......##.#.#...####..
#.# #)...........................
#.###.##.#...#.#...#.#..(.#####.#
#.....##.#.###'#...'......)...#.#
###....#.......B@..#.....#.##.#.#
...........#...)[)..#....#..#.#.#
........#..'........+.<..#..#.#.#
###.....#.##....[.).#....#..#.#.#
........#.######..(.#....#....#.#
##......# ###....#....#....#.#
#......# #...........###..#.#
#......# #...........#....#.#
#......# #.......###.#.##...#


You could see a boulder beetle.

Vanquished Creatures
  A two-headed ogre (D:9)
  Pikel (D:7)
  Maurice (D:8)
  Psyche (D:9)
  A troll (D:7)
  2 wyverns
  A shadow (D:8)
  6 yaks (D:8)
  A water moccasin (D:7)
  A sky beast (D:6)
  2 black bears
  2 orc warriors (D:9)
  2 ogres (D:5)
  A phantom (D:5)
  4 centaurs
  4 lemures (D:7)
  Blork the orc (D:5)
  3 bullfrogs
  3 necrophages
  2 gnoll sergeants
  A scorpion (D:4)
  6 wights
  8 killer bees
  2 howler monkeys
  A gnoll shaman (D:5)
  2 hounds
  A jelly (D:4)
  4 orc priests
  2 iguanas
  2 orc wizards
  15 gnolls
  7 adders
  A shadow imp (D:7)
  2 white imps
  A worm (D:2)
  2 dart slugs
  28 orcs
  2 endoplasms
  4 giant cockroaches
  6 goblins
  11 hobgoblins
  4 jackals (D:5)
  9 kobolds
  6 quokkas
  4 ball pythons
  2 bats
  4 frilled lizards
  A goblin skeleton (D:3)
  A goblin zombie (D:3)
  2 hobgoblin zombies (D:3)
  A kobold skeleton (D:3)
  4 kobold zombies (D:3)
  An orc skeleton (D:3)
  2 orc zombies (D:3)
  3 rats
192 creatures vanquished.

Vanquished Creatures (others)
  3 plants (D:4)
3 creatures vanquished.

Grand Total: 195 creatures vanquished

Notes
Turn   | Place    | Note
-------+----------+-------------------------------------------
     0 | D:1      | kae the Hill Orc Fighter began the quest for the Orb.
     0 | D:1      | Reached XP level 1. HP: 19/19 MP: 1/1
    35 | D:1      | Reached skill level 3 in Axes
    73 | D:1      | Reached XP level 2. HP: 25/27 MP: 2/2
   426 | D:1      | Found a faded altar of an unknown god.
   436 | D:1      | Reached skill level 4 in Axes
   462 | D:1      | Reached XP level 3. HP: 33/33 MP: 3/3
   816 | D:2      | Found Riwou's Assorted Antiques.
   820 | D:2      | Bought a scroll labelled AMIARPH TINU for 24 gold pieces
   820 | D:2      | Bought a scroll of identify for 48 gold pieces
  1303 | D:3      | Reached skill level 5 in Axes
  1303 | D:3      | Reached XP level 4. HP: 40/41 MP: 4/4
  1310 | D:3      | Found a glowing golden altar of the Shining One.
  1677 | D:3      | Found a hide-covered altar of Uskayaw.
  1677 | D:3      | Found a sacrificial altar of Ru.
  1888 | D:4      | Noticed a scorpion
  1900 | D:4      | Killed a scorpion
  1901 | D:4      | Reached skill level 5 in Fighting
  1901 | D:4      | Reached skill level 6 in Axes
  1901 | D:4      | Reached XP level 5. HP: 13/48 MP: 5/5
  2189 | D:4      | Found a hazy altar of Hepliaklqana.
  2366 | D:4      | Found a sparkling altar of Nemelex Xobeh.
  2435 | D:4      | Found a roughly hewn altar of Beogh.
  2435 | D:4      | Found the +7 staff of the Meek {protect, meekguard}
  2484 | D:4      | Found a shadowy altar of Dithmenos.
  2488 | D:4      | Reached XP level 6. HP: 56/56 MP: 6/6
  2623 | D:4      | Reached skill level 7 in Axes
  2856 | D:5      | Entered Level 5 of the Dungeon
  2859 | D:5      | Noticed a black bear
  2869 | D:5      | Killed a black bear
  2930 | D:5      | Found a staircase to the Ecumenical Temple.
  2941 | D:5      | Noticed Blork the orc
  2947 | D:5      | Reached skill level 8 in Axes
  2947 | D:5      | Reached XP level 7. HP: 47/63 MP: 7/7
  3080 | D:5      | Killed Blork the orc
  3128 | Temple   | Entered the Ecumenical Temple
  3180 | Temple   | Became a worshipper of Makhleb the Destroyer
  3265 | D:5      | Reached skill level 9 in Axes
  3299 | D:5      | Found a white marble altar of Elyvilon.
  3814 | D:5      | Noticed a wyvern
  3821 | D:5      | Killed a wyvern
  3822 | D:5      | Reached skill level 10 in Axes
  3822 | D:5      | Reached XP level 8. HP: 49/73 MP: 8/8
  4014 | D:5      | Found an ornate altar of the Wu Jian Council.
  4281 | D:6      | Reached * piety under Makhleb
  4288 | D:6      | Reached skill level 1 in Invocations
  5017 | D:6      | Reached skill level 11 in Axes
  5349 | D:6      | Reached XP level 9. HP: 31/81 MP: 11/11
  6393 | D:7      | Reached skill level 12 in Axes
  7035 | D:7      | Noticed Pikel
  7045 | D:7      | Killed Pikel
  7046 | D:7      | Reached skill level 5 in Invocations
  7062 | D:7      | Found an opulent altar of Gozag.
  7182 | D:7      | Noticed a troll
  7264 | D:7      | Killed a troll
  7265 | D:7      | Reached skill level 13 in Axes
  7842 | D:8      | Reached XP level 10. HP: 89/91 MP: 14/14
  8577 | D:8      | Reached skill level 14 in Axes
  8598 | D:8      | Reached skill level 10 in Fighting
  8787 | D:9      | Reached ** piety under Makhleb
  9024 | D:9      | Noticed a two-headed ogre
  9036 | D:9      | Killed a two-headed ogre
  9037 | D:9      | Reached skill level 15 in Axes
  9422 | D:9      | Noticed Psyche
  9513 | D:9      | Noticed Maurice
  9523 | D:9      | Paralysed by Maurice for 5 turns
  9847 | D:8      | Paralysed by something for 4 turns
  9862 | D:8      | HP: 3/90 [something (12)]
 10429 | D:9      | Killed Psyche
 10447 | D:8      | Killed Maurice
 10694 | D:9      | Noticed a boulder beetle
 10795 | D:9      | Mangled by a boulder beetle

Illustrated notes

Levels and vault maps discovered:
D:1:      shiori_arrival_maze, layout_rooms, hellmonk_ecumenical_altar_lost_god
D:2:      layout_basic, serial_shops, shop
D:3:      layout_basic, nicolae_tso_besieged_by_evil,
          mainiacjoe_overflow_catwalk_spiral
D:4:      layout_loops_cross, nicolae_hepliaklqana_hazy_memory,
          lemuel_round_altar, grunt_dithmenos_smoke_and_mirrors,
          pf_guarded_unrand_meek
D:5:      layout_basic, nicolae_wu_jian_immortal_techniques, elyvilon_altar_1,
          minmay_temple_entry_purple_smoke, uniq_blork_the_orc
D:6:      layout_cave_pods, columned_hall_lemuel
D:7:      layout_loops_ring, nicolae_overflow_crystal_walls, uniq_pikel
D:8:      layout_cave_pods, nicolae_straight_to_the_point
D:9:      layout_basic, serial_aquarium, aquarium_bridge_island_small
          [aquarium_subvault_small_open, aquarium_subvault_bridge,
          aquarium_subvault_window, aquarium_subvault_wall,
          aquarium_subvault_bridge], aquarium_bridge_straight
          [aquarium_subvault_bridge, aquarium_subvault_window,
          aquarium_subvault_bridge, aquarium_subvault_wall], aquarium_window_2,
          aquarium_window_2, aquarium_window_1, aquarium_window_corridor_3,
          aquarium_view_2e, hangedman_decor_push, uniq_maurice, uniq_psyche
Temple:   minmay_temple_bridge_abc

Skill      XL: |  1  2  3  4  5  6  7  8  9 10 |
---------------+-------------------------------+-----
Axes           | 3 4 5 6 8 10 11 13 15 | 15.6
Fighting       | 4 5 6 7 8 9 10 | 10.8
Invocations    | 3 6 8 |  8.6
Armour         | |  3.2
Shields        | |  3.2

Action                   |  1- 3 |  4- 6 |  7- 9 | 10-12 || total
-------------------------+-------+-------+-------+-------++-------
Melee: War axe           |    93 |   118 |   285 |   177 ||   673
Evoke: Wand              |       |       |     2 |     1 ||     3
  Use: Scroll            |     9 |     3 |     9 |     2 ||    23
       Potion            |       |       |     1 |       ||     1
Armor: Scale mail        |    31 |    42 |   132 |    55 ||   260
Dodge: Dodged            |    52 |    55 |   114 |    53 ||   274
Block: Buckler           |    14 |    16 |    66 |    30 ||   126

Table legend: (Time is in decaauts)
 A = Elapsed time spent in this place.
 B = Non-inter-level travel time spent in this place.
 C = Inter-level travel time spent in this place.
 D = Time resting spent in this place.
 E = Time spent auto-exploring this place.
 F = Levels seen in this place.
 G = Mean time per level.
                   A        B        C        D        E       F      G
               +--------+--------+--------+--------+--------+-----+--------+
         Total |  10812 |  10423 |    389 |   2973 |   5922 |  10 | 1081.2 |
       Dungeon |  10724 |  10369 |    355 |   2973 |   5883 |   9 | 1191.6 |
        Temple |     87 |     53 |     34 |      0 |     39 |   1 |   87.0 |
               +--------+--------+--------+--------+--------+-----+--------+

Top non-repeatable levels by time:
     D:8: 2444 daAuts
     D:6: 2015 daAuts
     D:7: 1537 daAuts
     D:4: 1166 daAuts
     D:5: 1125 daAuts
     D:1: 728 daAuts
     D:2: 587 daAuts
     D:9: 569 daAuts
     D:3: 551 daAuts
  Temple: 87 daAuts
